 Dungeon Crawl Stone Soup version 0.32-a0-981-g384da2ce10 (webtiles) character file.

Game seed: 12270882002906548848

527004 Chimkentus the Bewitcher (level 24, -13/122 HPs)
             Began as a Spriggan Enchanter on Mar 15, 2024.
             Was a High Priest of Sif Muna.
             Hit by a large rock thrown by a stone giant (28 damage)
             ... on level 1 of the Depths on Apr 20, 2024.
             The game lasted 15:24:44 (77092 turns).

Chimkentus the Bewitcher (Spriggan Enchanter)      Turns: 77092, Time: 15:24:45

Health: -13/122    AC: 10    Str: 14    XL:     24   Next: 29%
Magic:  38/64      EV: 24    Int: 26    God:    Sif Muna [*****.]
Gold:   2424       SH:  0    Dex: 16    Spells: 6/60 levels left

rFire   + . .        k - +8 rapier of Sequestration {freeze, rF+ MP+9 Str+3 Stlth+}
rCold   . . .        Z - orb {guile}
rNeg    + . .        S - +3 acid dragon scales
rPois   .            (helmet restricted)
rElec   +            K - scarf {repulsion}
rCorr   +            (gloves unavailable)
SInv    +            (boots unavailable)
Will    +++++        n - amulet of Duackoeb {Regen+ Int+3}
Stlth   ++++++       i - ring of Xiucw {^Contam Fly Will+++ MP+9 Str+3}
HPRegen 1.20/turn    w - ring of the Genius {Wiz rElec rN+}
MPRegen 0.39/turn

%: repel missiles, wizardry (x1)
@: flying, studying 2 skills, very quick
A: very small, no large weapons, unfitting armour, see invisible, speed 3
}: 3/15 runes: serpentine, barnacled, silver
a: Renounce Religion, Channel Magic, Forget Spell, Divine Exegesis


You were on level 1 of the Depths.
You worshipped Sif Muna.
Sif Muna was extremely pleased with you.
You visited 10 branches of the dungeon, and saw 43 of its levels.
You also visited: Ice Cave and Volcano.

You collected 7689 gold pieces.
You spent 5265 gold pieces at shops.

Inventory:

Hand Weapons
 d - the +1 eveningstar "Brilliance" {foul flame, Umbra}
   (You took it off a vampire mage on level 3 of the Crypt)

   Umbra:     It surrounds you with an aura of shadow, increasing your stealth
   and reducing the accuracy of all others within it.
 e - the +8 quick blade of Intimidation {heavy, rElec rC++ Int-5 Stlth-}
   (You acquired it on level 2 of the Orcish Mines)

   Int-5:     It affects your intelligence (-5).
   rC++:      It greatly protects you from cold.
   rElec:     It insulates you from electricity.
   Stlth-:    It makes you less stealthy.
 k - the +8 rapier of Sequestration (weapon) {freeze, rF+ MP+9 Str+3 Stlth+}
   (You found it on level 1 of the Elven Halls)

   Str+3:     It affects your strength (+3).
   rF+:       It protects you from fire.
   MP+9:      It affects your magic capacity (+9).
   Stlth+:    It makes you more stealthy.
 m - the +2 long sword "Lisherea" {pain, rPois Dex+5}
   (You found it on level 11 of the Dungeon)

   Dex+5:     It affects your dexterity (+5).
   rPois:     It protects you from poison.
 t - a +6 hand cannon of draining
 E - the +3 rapier of Lust {elec, rF+ rN+ Int+3}
   (You found it on level 4 of the Dungeon)

   Int+3:     It affects your intelligence (+3).
   rF+:       It protects you from fire.
   rN+:       It protects you from negative energy.
Missiles
 F - 5 throwing nets
 G - 2 darts of dispersal (quivered)
Armour
 H - the +3 buckler of the Untouchables {rF+ rC+ rCorr Str+2}
   (You acquired it on level 2 of the Orcish Mines)

   Str+2:     It affects your strength (+2).
   rF+:       It protects you from fire.
   rC+:       It protects you from cold.
   rCorr:     It protects you from acid and corrosion.
 K - a scarf of repulsion (worn)
 S - +3 acid dragon scales (worn)
 X - the +0 ice dragon scales "Rasuollofu" {rF- rC++ Int+3}
   (You found it on level 3 of the Elven Halls)

   Int+3:     It affects your intelligence (+3).
   rF-:       It makes you vulnerable to fire.
   rC++:      It greatly protects you from cold.
 Z - an orb of guile (worn)
Jewellery
 i - the ring of Xiucw (left hand) {^Contam Fly Will+++ MP+9 Str+3}
   (You bought it in a shop on level 4 of the Dungeon)

   [ring of magical power]

   Str+3:     It affects your strength (+3).
   Will+++:   It greatly increases your willpower.
   MP+9:      It affects your magic capacity (+9).
   Fly:       It grants you flight.
   ^Contam:   It causes magical contamination when unequipped.
 n - the amulet of Duackoeb (around neck) {Regen+ Int+3}
   (You bought it in a shop on level 4 of the Dungeon)

   [amulet of regeneration]

   Int+3:     It affects your intelligence (+3).
   Regen+:    It increases your rate of health regeneration.
 u - a +6 ring of intelligence
 w - the ring of the Genius (right hand) {Wiz rElec rN+}
   (You took it off a deep elf blademaster on level 3 of the Elven Halls)

   [ring of wizardry]

   Wiz:       It improves your spell success rate.
   rElec:     It insulates you from electricity.
   rN+:       It protects you from negative energy.
 M - the ring of Uskayaw's Castigation {rC+ Slay+5}
   (You took it off a deep elf zephyrmancer on level 3 of the Elven Halls)

   [ring of protection from cold]

   Slay+5:    It affects your accuracy & damage with ranged weapons and melee
   (+5).
   rC+:       It protects you from cold.
 N - a +6 ring of dexterity
 O - a ring of flight
 T - the ring "Hetitz" {^Drain Fly rElec rPois Will++}
   (You found it on level 5 of the Vaults)

   [ring of flight]

   rElec:     It insulates you from electricity.
   rPois:     It protects you from poison.
   Will++:    It greatly increases your willpower.
   Fly:       It grants you flight.
   ^Drain:    It drains your maximum health when unequipped.
 W - the ring "Duostila" {rC- rN+ MP+9 Str+5 SInv}
   (You found it on level 3 of the Crypt)

   [ring of magical power]

   Str+5:     It affects your strength (+5).
   rC-:       It makes you vulnerable to cold.
   rN+:       It protects you from negative energy.
   MP+9:      It affects your magic capacity (+9).
   SInv:      It lets you see invisible.
Wands
 p - a wand of paralysis (14)
 r - a wand of digging (7)
 v - a wand of warping (33)
 L - a wand of polymorph (43)
Scrolls
 g - a scroll of silence
 h - 27 scrolls of teleportation
 o - 8 scrolls of fog
 q - 5 scrolls of immolation
 y - 10 scrolls of revelation
 z - 11 scrolls of vulnerability
 B - 3 scrolls of summoning
 R - 9 scrolls of poison
 U - 5 scrolls of fear
 Y - a scroll of blinking
Potions
 c - 4 potions of invisibility
 f - 7 potions of brilliance
 j - 13 potions of lignification
 l - 20 potions of curing
 s - 10 potions of heal wounds
 D - a potion of cancellation
 I - 4 potions of resistance
 J - 5 potions of might
 P - 2 potions of magic
 Q - 12 potions of haste
 V - 3 potions of ambrosia
Miscellaneous
 a - a phantom mirror (inert)
 b - a phial of floods
 x - a lightning rod (4/4)
 A - a sack of spiders
 C - a tin of tremorstones (2/2)


   Skills:
 * Level 11.0 Fighting
 - Level 13.9(14.0) Short Blades
 + Level 0.2(6.8) Long Blades
 * Level 12.5 Ranged Weapons
 - Level 6.0 Throwing
 * Level 6.4 Armour
 + Level 14.2 Dodging
 - Level 14.0 Stealth
 + Level 5.0 Shields
 + Level 18.5 Spellcasting
 + Level 8.0 Conjurations
 - Level 19.7 Hexes
 + Level 11.0 Summonings
 * Level 6.5 Translocations
 - Level 4.0 Fire Magic
 - Level 5.3 Ice Magic
 + Level 1.3 Air Magic
 - Level 1.8 Earth Magic
 - Level 3.0 Alchemy
 + Level 14.4 Invocations
 - Level 10.9 Evocations
 * Level 12.7 Shapeshifting


You had 6 spell levels left.
You knew the following spells:

 Your Spells              Type           Power      Damage    Failure   Level
a - Ensorcelled Hibernat  Hex/Ice        100%       N/A       0%          2
b - Confusing Touch       Hex            91%        N/A       0%          3
c - Spellforged Servitor  Conj/Summ      32%        N/A       17%         7
d - Ozocubu's Armour      Ice            51%        N/A       1%          3
e - Yara's Violent Unrav  Hex/Alch       35%        3d14      1%          5
f - Discord               Hex            45%        N/A       2%          8
g - Iskenderun's Mystic   Conj/Tloc      58%        2d12      (+2d61%     4
h - Enfeeble              Hex            45%        N/A       1%          7
i - Summon Mana Viper     Hex/Summ       81%        N/A       1%          5
j - Passwall              Erth           33%        N/A       1%          3
l - Vhi's Electric Charg  Tloc/Air       88%        N/A       1%          4
m - Stone Arrow           Conj/Erth      98%        3d13      1%          3

Your spell library contained the following spells:

 Spells                   Type           Power      Damage    Failure   Level
 Slow                     Hex            100%       N/A       0%          1
 Jinxbite                 Hex            100%       N/A       0%          2
 Sigil of Binding         Hex            91%        N/A       0%          3
 Tukima's Dance           Hex            91%        N/A       0%          3
 Cause Fear               Hex            45%        N/A       0%          4
 Apportation              Tloc           100%       N/A       1%          1
 Foxfire                  Conj/Fire      100%       2x1d9     1%          1
 Freeze                   Ice            100%       1d10      1%          1
 Magic Dart               Conj           100%       1d8       1%          1
 Necrotise                Necr           96%        1d8       1%          1
 Sandblast                Erth           66%        2d15      1%          1
 Shock                    Conj/Air       100%       1d9       1%          1
 Sting                    Conj/Alch      100%       1d9       1%          1
 Summon Small Mammal      Summ           100%       N/A       1%          1
 Blink                    Tloc           100%       N/A       1%          2
 Call Imp                 Summ           100%       N/A       1%          2
 Lesser Beckoning         Tloc           100%       N/A       1%          2
 Mercury Vapours          Alch/Air       70%        N/A       1%          2
 Momentum Strike          Conj/Tloc      100%       3d10      1%          2
 Scorch                   Fire           88%        2d8       1%          2
 Searing Ray              Conj           100%       2d8       1%          2
 Static Discharge         Conj/Air       96%        3-7/arc   1%          2
 Sublimation of Blood     Necr           24%        N/A       1%          2
 Call Canine Familiar     Summ           69%        N/A       1%          3
 Dazzling Flash           Conj/Hex       100%       N/A       1%          3
 Frozen Ramparts          Ice            100%       1d16      1%          3
 Hailstorm                Conj/Ice       56%        3d11      1%          3
 Inner Flame              Hex/Fire       72%        N/A       1%          3
 Maxwell's Portable Pile  Tloc           55%        2d(10-30) 1%          3
 Mephitic Cloud           Conj/Alch/Air  45%        N/A       1%          3
 Summon Ice Beast         Ice/Summ       61%        N/A       1%          3
 Swiftness                Air            31%        N/A       1%          3
 Teleport Other           Tloc           55%        N/A       1%          3
 Volatile Blastmotes      Fire/Tloc      100%       2d18      1%          3
 Anguish                  Hex/Necr       33%        N/A       1%          4
 Animate Armour           Summ/Erth      100%       N/A       1%          4
 Brom's Barrelling Bould  Conj/Erth      49%        2d7       1%          4
 Dimensional Bullseye     Hex/Tloc       37%        N/A       1%          4
 Flame Wave               Conj/Fire      53%        2d13      1%          4
 Fulminant Prism          Conj/Alch      26%        3d14      1%          4
 Martyr's Knell           Necr/Summ      52%        N/A       1%          4
 Summon Blazeheart Golem  Fire/Summ      58%        N/A       1%          4
 Summon Lightning Spire   Summ/Air       54%        N/A       1%          4
 Iskenderun's Battlesphe  Conj           60%        2d11      1%          5
 Metabolic Englaciation   Hex/Ice        36%        N/A       1%          5
 Silence                  Hex/Air        34%        N/A       1%          5
 Summon Forest            Summ/Tloc      31%        N/A       1%          5
 Summon Cactus Giant      Summ           34%        N/A       1%          6
 Ignite Poison            Fire/Alch      42%        N/A       2%          4
 Sticky Flame             Fire/Alch      42%        2d8       2%          4
 Fireball                 Conj/Fire      26%        3d12      2%          5
 Fugue of the Fallen      Necr           24%        N/A       3%          3
 Vampiric Draining        Necr           24%        2d7       3%          3
 Irradiate                Conj/Alch      26%        3d20      3%          5
 Arcjolt                  Conj/Air       24%        1d34      4%          5
 Freezing Cloud           Conj/Ice/Air   24%        6-21      4%          5
 Airstrike                Air            15%        2d(3-19)  6%          4
 Alistair's Intoxication  Alch           26%        N/A       9%          5
 Dispersal                Tloc           27%        N/A       11%         6
 Lee's Rapid Deconstruct  Erth           16%        3d10*     13%         5
 Starburst                Conj/Fire      26%        6d8       14%         6
 Borgnjor's Vile Clutch   Necr/Erth      14%        N/A       21%         5
 Bombard                  Conj/Erth      24%        9d5       21%         6
 Conjure Ball Lightning   Conj/Air       24%        3x3d7     22%         6
 Curse of Agony           Necr           24%        N/A       28%         5
 Sculpt Simulacrum        Ice/Alch       22%        N/A       28%         6
 Permafrost Eruption      Ice/Erth       21%        2x4d5     32%         6
 Eringya's Noxious Bog    Alch           19%        4d6       41%         6
 Plasma Beam              Fire/Air       19%        2x1d30    45%         6
 Death Channel            Necr           12%        N/A       82%         6
 Monstrous Menagerie      Summ           34%        N/A       10%         7
 Summon Hydra             Summ           34%        N/A       10%         7
 Malign Gateway           Summ/Tloc      31%        N/A       24%         7
 Orb of Destruction       Conj           30%        9d10      32%         7
 Manifold Assault         Tloc           27%        N/A       50%         7
 Summon Horrible Things   Summ           34%        N/A       56%         8
 Haunt                    Necr/Summ      26%        N/A       65%         7
 Magnavolt                Erth/Air       16%        3d13      98%         7
 Disjunction              Tloc           27%        N/A       98%         8
 Fulsome Fusillade        Conj/Alch      26%        (3-5)d9   99%         8
 Ignition                 Fire           22%        3d8       100%        8
 Infestation              Necr           12%        N/A       100%        8
 Maxwell's Capacitive Co  Air            15%        ∞         100%        8
 Death's Door             Necr           12%        N/A       100%        9
 Dragon's Call            Summ           34%        N/A       100%        9
 Fire Storm               Conj/Fire      26%        8d7       100%        9


Dungeon Overview and Level Annotations

Branches:
Dungeon (15/15)            Temple (1/1) D:7            Lair (5/5) D:8
 Shoals (4/4) Lair:2        Snake (4/4) Lair:2        Slime (0/5) Lair:4
    Orc (2/2) D:10            Elf (3/3) Orc:2        Vaults (5/5) D:13
  Crypt (3/3) Vaults:3       Tomb (0/3) Crypt:3      Depths (1/4) D:15
  IceCv (visited)         Volcano (visited)

Altars:
Ashenzari
Cheibriados
Dithmenos
Elyvilon
Fedhas
Gozag
Hepliaklqana
Kikubaaqudgha
Makhleb
Nemelex Xobeh
Okawaru
Qazlal
Ru
Sif Muna
Trog
Uskayaw
Vehumet
Wu Jian
Xom
Yredelemnul
Zin
The Shining One
Beogh

Shops:
D:4 !=   Orc:1 *   Orc:2 [?*?   Elf:1 :=:   Elf:2 [!(*   Shoals:2 [
Vaults:3 *   Vaults:4 (

Annotations:
Elf:2 3 runed translucent doors
Depths:1 Asterion


Innate Abilities, Weirdness & Mutations

You are very small and have problems with some larger weapons.
You are too small for most types of armour.
You have supernaturally acute eyesight. (SInv)
You cover ground extremely quickly. (Speed+++)


Message History

The stone giant is enfeebled!
The fire giant hits something with a +0 great sword of flaming!!!
The fire giant burns something.
Sif Muna accepts your kill.
You feel a bit more experienced.
Your mana viper bites the ettin!
The ettin completely misses your mana viper.
The ettin barely misses your mana viper.
Your mana viper bites the ettin!
Unknown command.
The ettin hits the deep troll earth mage with a +0 dire flail!!!
The deep troll earth mage dies!
Sif Muna accepts your kill.
Your mana viper bites the ettin but does no damage.
Unknown command.
A deep troll earth mage comes into view.
You hear a shout!
The ettin hits you with a +0 dire flail!!!
* * * LOW HITPOINT WARNING * * *
The ettin hits you with a +0 dire flail.
* * * LOW HITPOINT WARNING * * *
A deep troll comes into view.
The deep troll earth mage casts a spell next to you.
The wall shatters!
The blast of rock fragments hits the ettin!!
The blast of rock fragments hits you!
* * * LOW HITPOINT WARNING * * *
The blast of rock fragments hits your mana viper!!
You hear a shout! x3; You hear a horrible gurgling sound!
You see here an ugly thing corpse.
Unknown command.
Blink to where?
Press: ? - help, Dir - move target
Found a dagger.
As you read the scroll of blinking, it crumbles to dust.
Unknown command.
Asterion and a stone giant come into view.
Asterion is wielding a +0 spectral demon blade.
Found 4 atropa-tipped darts.
Something unseen opens the door.
The stone giant throws a large rock.
The large rock hits you!!
You die...

##....###†[.#C.##
.......#...†....#CS.....
.......+........#$†....#
......#.....^.$#......#
#....##.......#...[.##
##...H #......##..[).#
#.....##.....>##......'
#....................TT
#.....@.......##.....#.
##....##......# #...C
#.......# #....
#.......# #....
#....)..# .'....
........# .###..(
..#...... #### #######


You could see Asterion and a stone giant.

Vanquished Creatures
  Frederick (Crypt:3)
  Xtahua (Vaults:5)
  Bai Suzhen (Crypt:1)
  Saint Roka (Snake:3)
  2 golden dragons
  Jorgrun (D:14)
  Mlioglotl (Shoals:4)
  3 titans (Vaults:5)
  2 deep elf master archers (Elf:3)
  3 quicksilver dragons (Vaults:5)
  3 sphinxes
  3 ancient champions
  2 deep elf blademasters (Elf:3)
  Frances (D:12)
  A kraken (Shoals:3)
  A storm dragon (Vaults:5)
  3 shadow dragons (Vaults:5)
  2 tengu reavers (Vaults:5)
  4 nagarajas
  13 vault wardens
  2 deep elf sorcerers
  2 frost giants
  2 fire giants (Vaults:5)
  The ghost of hattop the Fencer, a journeyman CoMo of the Shining One (Snake:2)
  3 orc warlords
  A caustic shrike zombie (Crypt:3)
  2 ghouls
  6 ironbound preservers
  2 stone giants (Vaults:5)
  3 formless jellyfish
  A very ugly thing (Vaults:4)
  A caustic shrike skeleton (Crypt:2)
  5 ironbound thunderhulks
  4 deep elf death magi
  4 vampire knights
  A war gargoyle (Vaults:5)
  5 deep elf annihilators
  7 dire elephants
  A minotaur (Lair:2)
  2 eidola
  7 ettins
  A merfolk javelineer (Shoals:4)
  A fire dragon (D:12)
  3 merfolk impalers
  6 yaktaur captains
  A salamander tyrant (Snake:4)
  3 great orbs of eyes
  An entropy weaver (shapeshifter) (Elf:2)
  5 jiangshi
  Erica (Lair:1)
  3 hydras
  7 ironbound frosthearts
  A spriggan zombie (Crypt:3)
  8 centaur warriors
  8 two-headed ogres
  13 anacondas
  13 boulder beetles
  2 ogre magi
  10 dancing weapons
  2 merfolk aquamancers (Shoals:4)
  9 death yaks
  2 naga sharpshooters (Snake:2)
  2 tengu warriors
  2 orc high priests (Orc:2)
  A spectral storm dragon (Crypt:1)
  7 naga warriors
  A deep troll earth mage (D:15)
  A vampire mage (Vaults:3)
  5 shock serpents
  The ghost of Pokonic1 the Fighter, a novice MiFi of Qazlal (D:7)
  9 deep elf knights
  2 soul eaters
  3 storm dragon zombies (Crypt:3)
  5 skysharks
  A sea snake (shapeshifter) (Vaults:5)
  6 skeletal warriors
  13 deep trolls
  2 salamander mystics
  A spectral anaconda (Lair:5)
  10 sea snakes
  A spectral death yak (Lair:5)
  3 arcanists
  15 ironbound convokers
  5 mana vipers
  2 thermic dynamos
  An obsidian statue (Lair:5)
  9 phantasmal warriors
  A kraken simulacrum (Shoals:4)
  A glowing orange brain (Vaults:1)
  A steelbarb worm (shapeshifter) (Vaults:2)
  A nameless horror (Vaults:5)
  11 deep elf archers
  8 necromancers
  8 deep elf zephyrmancers
  A tengu skeleton (Vaults:3)
  10 ugly things
  3 lindwurms
  8 cyclopes
  A stone giant zombie (Crypt:3)
  8 orc knights
  A faun (shapeshifter) (Vaults:5)
  8 orc sorcerers
  19 harpies
  18 deep elf pyromancers
  4 salamanders
  A spectral ice dragon (Crypt:1)
  13 elephants
  A meliai (shapeshifter) (Elf:2)
  A centaur zombie (Crypt:3)
  15 manticores
  A faun (Shoals:2)
  7 merfolk sirens
  A shock serpent zombie (Crypt:2)
  A guardian serpent (shapeshifter) (Elf:3)
  4 large abominations (Elf:2)
  9 vault sentinels
  4 guardian serpents
  28 black mambas
  3 water nymphs
  2 gargoyles
  6 naga magi
  2 torpor snails
  Jeremiah (D:7)
  13 cane toads
  A dire elephant skeleton (Lair:5)
  3 freezing wraiths
  A yellow draconian zombie (Crypt:2)
  7 yaktaurs
  5 unseen horrors
  2 rime drakes
  7 komodo dragons
  A grey draconian zombie (Crypt:1)
  A tengu conjurer (D:14)
  A harpy zombie (Crypt:3)
  13 merfolk
  A wandering mushroom (Lair:2)
  A polar bear (Lair:5)
  11 trolls
  A hornet (D:8)
  A wind drake (Shoals:3)
  2 harpy skeletons
  Grinder (D:3)
  22 blink frogs
  11 dream sheep
  3 spectral elephants (Lair:5)
  A glass eye (Orc:1)
  A slime creature (shapeshifter) (Vaults:5)
  5 snapping turtles
  58 yaks
  2 air elementals (Elf:1)
  2 vampires
  A shadow (D:12)
  2 wyverns (Lair:5)
  25 slime creatures
  8 water elementals
  A tyrant leech zombie (Crypt:1)
  2 dire elephant simulacra (Lair:5)
  4 basilisks
  A black mamba skeleton (Crypt:1)
  2 fire elementals
  6 wraiths
  3 wargs (Orc:2)
  11 vampire mosquitoes
  2 death yak simulacra (Lair:5)
  A demonspawn zombie (Crypt:2)
  Menkaure (D:5)
  3 spectral cane toads (Lair:5)
  2 swamp worms (shapeshifter)
  14 nagas
  2 naga zombies (Crypt:3)
  A glowing shapeshifter skeleton (Crypt:1)
  4 acid dragons
  18 water moccasins
  A swamp dragon zombie (Crypt:1)
  38 orc warriors
  An entropy weaver zombie (Crypt:1)
  4 laughing skulls
  3 black bears
  A lindwurm zombie (Crypt:3)
  A crocodile (D:9)
  13 ogres
  12 wolves
  A boggart (Vaults:2)
  3 elephant skeletons (Lair:5)
  9 centaurs
  A dream sheep skeleton (Crypt:3)
  2 phantoms
  9 bullfrogs
  3 kobold brigands
  3 elf zombies (Elf:2)
  A gnoll sergeant (D:12)
  A wyvern zombie (D:7)
  3 scorpions
  A cane toad simulacrum (Lair:5)
  A komodo dragon skeleton (Crypt:2)
  An earth elemental (Elf:2)
  3 wights (D:8)
  2 elephant simulacra (Lair:5)
  17 killer bees
  11 electric eels
  A howler monkey (D:8)
  A raiju skeleton (Crypt:3)
  3 bombardier beetles
  A human simulacrum (Vaults:3)
  8 hounds
  A gnoll bouda (D:8)
  10 jellies
  24 orc priests
  A sleepcap (D:6)
  11 hell rats
  9 orc wizards
  4 iguanas (D:9)
  A boggart simulacrum (D:15)
  A howler monkey zombie (D:7)
  5 gnolls
  9 adders
  A shadow imp (D:5)
  3 white imps
  6 ufetubi
  An adder skeleton (Crypt:3)
  5 dart slugs
  6 ribbon worms
  53 orcs
  4 bats
  20 endoplasms
  4 giant cockroaches
  9 goblins
  8 hobgoblins
  13 kobolds
  6 quokkas
  8 ball pythons
  8 frilled lizards
  4 rats
  A river rat skeleton (Crypt:1)
  2 tentacles (Shoals:4)
1221 creatures vanquished.

Vanquished Creatures (collateral kills)
  An ancient lich (Vaults:5)
  Mara (Shoals:4)
  Jory (Crypt:3)
  2 golden dragons (Vaults:5)
  2 tentacled monstrosities (Vaults:5)
  Rupert (D:15)
  The ghost of hikkokomori the Evocator, an adept CoBe of Trog (Vaults:1)
  2 liches (Vaults:5)
  4 titans
  A deep elf master archer (Elf:3)
  A sphinx (Vaults:5)
  2 ancient champions
  2 tengu reavers
  3 storm dragons (Vaults:5)
  Roxanne (Snake:2)
  Ilsuiw (Shoals:3)
  2 revenants (Crypt:3)
  2 nagarajas
  3 vault wardens
  2 iron dragons (Vaults:5)
  A curse skull (Crypt:3)
  Louise (Shoals:3)
  2 deep elf sorcerers (Elf:3)
  A ghoul (Crypt:2)
  3 orc warlords
  2 stone giants (Vaults:5)
  The ghost of runemasterragnar the Warrior, a journeyman OpSh of Gozag (D:13)
  13 ironbound preservers
  A formless jellyfish (Shoals:3)
  An ironbound thunderhulk (Vaults:2)
  3 very ugly things
  9 vampire knights (Crypt:3)
  4 deep elf annihilators (Elf:3)
  A war gargoyle (Vaults:5)
  Azrael (Snake:2)
  3 deep elf death magi
  A red draconian (Volcano)
  6 dire elephants
  2 deep elf demonologists
  2 eidola (Crypt:2)
  3 ettins (Vaults:5)
  3 merfolk javelineers
  6 jiangshi
  3 yaktaur captains
  7 merfolk impalers
  A crystal guardian (Vaults:1)
  A spriggan zombie (Crypt:3)
  2 peacekeepers
  21 vault guards
  A great orb of eyes (Vaults:1)
  A catoblepas (Shoals:4)
  Erolcha (D:10)
  A merfolk avatar (Shoals:3)
  A death knight (Crypt:3)
  An elf skeleton (Crypt:2)
  A spriggan air mage (Depths:1)
  3 centaur warriors
  A salamander tyrant (Snake:4)
  5 merfolk aquamancers
  4 ironbound frosthearts
  3 alligator snapping turtles (Shoals:4)
  9 two-headed ogres
  4 death yaks (Shoals:4)
  19 dancing weapons
  2 anacondas (Snake:4)
  2 tengu warriors (D:14)
  A deep troll earth mage (Depths:1)
  9 naga sharpshooters
  5 deep elf knights
  6 naga warriors
  9 vampire magi
  3 orc high priests
  A spriggan berserker (Depths:1)
  A skyshark (Vaults:3)
  3 salamander mystics
  An iron troll (Depths:1)
  The ghost of senf the Trooper, a novice DsGl of Okawaru (D:8)
  19 deep trolls
  2 flayed ghosts
  10 skeletal warriors
  A storm dragon skeleton (Crypt:2)
  A golden dragon zombie (Crypt:3)
  A shadow wraith (Crypt:3)
  6 arcanists
  A sea snake (Shoals:4)
  3 mana vipers
  2 bog bodies (Crypt:3)
  An orange crystal statue (IceCv)
  A naga ritualist (Snake:3)
  A wolf spider zombie (Crypt:1)
  3 ironbound convokers
  6 deep elf archers
  9 phantasmal warriors
  A necromancer (Vaults:3)
  A frost giant zombie (Crypt:3)
  3 lindwurms
  10 orc knights
  4 harpies
  23 deep elf zephyrmancers
  A spectral fire dragon (Crypt:1)
  3 thermic dynamos
  2 orc sorcerers (Vaults:3)
  18 deep elf pyromancers
  7 ugly things
  A spectral ice dragon (Crypt:1)
  3 manticores
  10 fauns
  A kobold blastminer (Orc:2)
  A human skeleton (Vaults:3)
  12 salamanders
  A moth of wrath (shapeshifter) (D:12)
  2 dire elephant zombies
  13 naga magi
  3 meliai (D:14)
  5 black mambas
  4 merfolk sirens
  5 guardian serpents
  An eye of devastation (shapeshifter) (Vaults:5)
  A pale draconian zombie (Crypt:3)
  3 water nymphs
  3 vault sentinels
  A minotaur zombie (Crypt:3)
  A gargoyle (D:13)
  2 kobold demonologists (D:12)
  16 yaktaurs
  An efreet (D:15)
  5 freezing wraiths
  2 anaconda simulacra (IceCv)
  A hydra zombie (Crypt:2)
  A harpy zombie (Crypt:3)
  20 merfolk
  A troll (Orc:2)
  A sun moth zombie (Crypt:1)
  A glass eye (Elf:1)
  2 snapping turtles
  27 slime creatures
  2 wraiths
  11 water elementals
  2 air elementals (Elf:2)
  A dire elephant simulacrum (IceCv)
  17 vampires (Crypt:3)
  2 wargs
  3 fire elementals (Snake:2)
  Grum (D:9)
  A vampire mosquito (D:14)
  2 harpy simulacra (IceCv)
  25 nagas
  3 hell hounds (Snake:2)
  A hydra simulacrum (IceCv)
  17 laughing skulls
  21 orc warriors
  4 ogres
  2 elephant skeletons (Lair:5)
  A lindwurm skeleton (Crypt:3)
  A centaur (Volcano)
  An earth elemental (Elf:1)
  A bullfrog (D:5)
  A wight (D:8)
  2 killer bees (D:8)
  2 lindwurm simulacra (IceCv)
  An elephant simulacrum (Lair:5)
  11 orc priests
  A gnoll bouda (D:9)
  A black bear zombie (Crypt:3)
  8 orc wizards
  10 gnolls
  A nameless horror (Shoals:1)
  A white imp (Vaults:2)
  44 orcs
  A river rat zombie (Crypt:1)
  A jackal zombie (Crypt:2)
  10 kobolds
744 creatures vanquished.

Vanquished Creatures (others)
  A golden dragon (Vaults:5)
  Polyphemus (Shoals:4)
  A deep elf master archer (Elf:3)
  A tengu reaver (Vaults:5)
  A storm dragon (Vaults:5)
  A fire giant (Vaults:5)
  A deep elf sorcerer (Elf:3)
  A stone giant (Vaults:5)
  A vampire knight (Crypt:1)
  An ironbound thunderhulk (Vaults:2)
  A deep elf demonologist (Elf:3)
  2 merfolk javelineers (Shoals:4)
  A merfolk impaler (Shoals:3)
  A yaktaur captain (Vaults:3)
  2 deep elf high priests
  6 vault guards
  A centaur warrior (Vaults:3)
  An alligator (shapeshifter) (Vaults:5)
  A death knight (Crypt:2)
  A deep troll earth mage (Depths:1)
  2 deep elf knights
  A naga sharpshooter (Snake:4)
  A skeletal warrior (Crypt:3)
  2 skysharks (Vaults:3)
  3 salamander mystics
  A shadow wraith (Vaults:5)
  3 deep trolls
  A flayed ghost (Crypt:2)
  An orc knight (Vaults:1)
  A deep elf archer (Elf:2)
  4 phantasmal warriors
  43 dancing weapons
  A deep elf pyromancer (Elf:3)
  3 deep elf zephyrmancers
  A harpy (Vaults:1)
  2 salamanders
  A necromancer (Elf:2)
  An ugly thing (Vaults:4)
  3 naga magi
  A black mamba (Snake:3)
  3 yaktaurs
  2 merfolk (Shoals:4)
  2 snapping turtles
  3 slime creatures (Vaults:3)
  A vampire (Crypt:3)
  2 nagas
  An orc warrior (Orc:2)
  6 laughing skulls
  6 foxfires (D:13)
  35 tentacles
164 creatures vanquished.

Grand Total: 2129 creatures vanquished

Notes
Turn   | Place    | Note
-------+----------+-------------------------------------------
     0 | D:1      | Chimkentus the Spriggan Enchanter began the quest for the
                  | Orb.
     0 | D:1      | Reached XP level 1. HP: 9/9 MP: 5/5
   134 | D:1      | Reached skill level 4 in Hexes
   280 | D:1      | Reached XP level 2. HP: 13/13 MP: 6/6
   283 | D:1      | Learned a level 2 spell: Ensorcelled Hibernation
   641 | D:1      | Reached XP level 3. HP: 16/16 MP: 8/8
   645 | D:1      | Learned a level 3 spell: Confusing Touch
  1378 | D:2      | Found a radiant altar of Vehumet.
  1484 | D:2      | Reached skill level 5 in Hexes
  1726 | D:2      | Reached XP level 4. HP: 21/21 MP: 9/9
  1730 | D:2      | Learned a level 3 spell: Tukima's Dance
  2179 | D:3      | Noticed Grinder
  2405 | D:3      | Found a burning altar of Makhleb.
  2565 | D:3      | Killed Grinder
  2566 | D:3      | Reached skill level 1 in Fighting
  2566 | D:3      | Reached skill level 6 in Hexes
  2566 | D:3      | Reached skill level 1 in Ice Magic
  2566 | D:3      | Reached XP level 5. HP: 7/25 MP: 10/10
  2566 | D:3      | Reached XP level 6. HP: 9/30 MP: 11/11
  2706 | D:3      | Learned a level 3 spell: Ozocubu's Armour
  2737 | D:4      | Reached skill level 1 in Throwing
  2745 | D:4      | Found Xyczar's Distillery.
  2753 | D:4      | Bought a potion of curing for 42 gold pieces
  2977 | D:4      | Found Jaupp's Jewellery Shoppe.
  3002 | D:4      | Reached XP level 7. HP: 34/34 MP: 5/13
  3041 | D:4      | Reached skill level 7 in Hexes
  3291 | D:4      | Identified the +3 rapier of Lust {elec, rF+ rN+ Int+3}
  3499 | D:4      | Bought a potion of enlightenment for 70 gold pieces
  3514 | D:5      | Entered Level 5 of the Dungeon
  3693 | D:5      | Noticed Menkaure
  3721 | D:5      | Learned a level 3 spell: Dazzling Flash
  4096 | D:5      | Reached skill level 1 in Evocations
  4159 | D:5      | Killed Menkaure
  4160 | D:5      | Reached XP level 8. HP: 39/39 MP: 12/16
  4237 | D:5      | Found a broken altar of Ashenzari.
  4247 | D:5      | Found a radiant altar of Vehumet.
  4296 | D:5      | Reached skill level 5 in Stealth
  4351 | D:5      | Reached skill level 5 in Dodging
  4351 | D:5      | Reached skill level 5 in Spellcasting
  4429 | D:5      | Found a blossoming altar of Fedhas.
  4813 | D:5      | Reached skill level 8 in Hexes
  5524 | D:7      | Found a shadowy altar of Dithmenos.
  5688 | D:7      | Noticed Jeremiah
  5690 | D:7      | Reached XP level 9. HP: 42/42 MP: 16/19
  5692 | D:7      | Killed Jeremiah
  5693 | D:7      | Reached skill level 5 in Short Blades
  5693 | D:7      | Reached skill level 5 in Evocations
  5786 | D:7      | Found a basalt altar of Yredelemnul.
  5909 | D:7      | Noticed Pokonic1's ghost (novice MiFi)
  5910 | D:7      | Found a transporter.
  5911 | D:7      | Identified the +4 great mace "Wuetok" {chaos, Int+4}
  5915 | D:7      | Found a transporter.
  6238 | D:7      | Found a staircase to the Ecumenical Temple.
  6253 | Temple   | Entered the Ecumenical Temple
  6266 | Temple   | Became a worshipper of Sif Muna the Loreminder
  7069 | D:8      | Reached skill level 1 in Invocations
  7138 | D:8      | Reached skill level 9 in Hexes
  7246 | D:8      | Noticed a troll
  7262 | D:8      | Killed a troll
  7262 | D:8      | Reached * piety under Sif Muna
  7306 | D:8      | Found a staircase to the Lair.
  7377 | D:8      | Found a transporter.
  7379 | D:8      | Reached XP level 10. HP: 47/47 MP: 20/20
  7499 | D:8      | Noticed senf's ghost (novice DsGl)
  7706 | D:8      | Found a transporter.
  7776 | D:8      | Found a white marble altar of Elyvilon.
  8051 | D:8      | Reached ** piety under Sif Muna
  8243 | D:4      | Bought a ring of protection from cold for 250 gold pieces
  8358 | Lair:1   | Entered Level 1 of the Lair of Beasts
  8391 | Lair:1   | Reached skill level 10 in Hexes
  8392 | Lair:1   | Noticed a cane toad
  8396 | Lair:1   | Noticed Erica
  8408 | Lair:1   | Noticed a cane toad
  8408 | Lair:1   | Noticed a cane toad
  8417 | Lair:1   | Killed a cane toad
  8420 | Lair:1   | Killed a cane toad
  8431 | Lair:1   | Noticed a torpor snail
  8464 | Lair:1   | Killed a cane toad
  8633 | Lair:1   | Killed Erica
  8634 | Lair:1   | Reached skill level 10 in Stealth
  8789 | Lair:1   | Reached XP level 11. HP: 30/52 MP: 19/21
  9068 | Lair:1   | Reached skill level 5 in Invocations
  9140 | Lair:1   | Identified the amulet "Kidaiwk" {Faith Rampage rElec Str+3
                  | Int-3}
  9352 | Lair:1   | Reached *** piety under Sif Muna
  9526 | Lair:1   | Reached skill level 11 in Hexes
  9653 | Lair:1   | Noticed a boulder beetle
 10046 | D:4      | Bought a potion of magic for 112 gold pieces
 10412 | Lair:2   | Found a staircase to the Snake Pit.
 10547 | Lair:2   | Noticed a seven-headed hydra
 10591 | Lair:2   | Killed a seven-headed hydra
 10592 | Lair:2   | Reached skill level 1 in Conjurations
 10647 | Lair:2   | Reached XP level 12. HP: 45/58 MP: 22/22
 10963 | Lair:2   | Found a runed translucent door.
 11006 | Lair:2   | Reached **** piety under Sif Muna
 11048 | Lair:2   | Found a white marble altar of Elyvilon.
 11218 | Lair:2   | Found a staircase to the Shoals.
 11749 | Lair:2   | Noticed a minotaur
 12297 | Lair:3   | Reached skill level 1 in Ranged Weapons
 13074 | Lair:4   | Reached skill level 12 in Hexes
 13323 | Lair:4   | Found a staircase to the Slime Pits.
 13555 | Lair:4   | Noticed a death yak
 13556 | Lair:4   | Noticed a death yak
 13557 | Lair:4   | Noticed a death yak
 13557 | Lair:4   | Noticed a death yak
 13557 | Lair:4   | Noticed a death yak
 13870 | Lair:4   | Noticed a boulder beetle
 13880 | Lair:4   | Killed a boulder beetle
 13881 | Lair:4   | Reached XP level 13. HP: 63/63 MP: 23/23
 13883 | Lair:4   | Reached ***** piety under Sif Muna
 14715 | Lair:4   | Reached skill level 5 in Fighting
 15102 | Lair:5   | Entered Level 5 of the Lair of Beasts
 15119 | Lair:5   | Received a gift from Sif Muna
 15131 | Lair:5   | Reached skill level 5 in Throwing
 15131 | Lair:5   | Got Sif Muna's Almanac of Bad Luck and Allies {god gift}
 15135 | Lair:5   | Learned a level 2 spell: Jinxbite
 15139 | Lair:5   | Learned a level 3 spell: Inner Flame
 15143 | Lair:5   | Learned a level 3 spell: Call Canine Familiar
 15313 | Lair:5   | Reached skill level 10 in Short Blades
 15855 | Lair:5   | Reached skill level 13 in Hexes
 15855 | Lair:5   | Reached skill level 1 in Summonings
 16281 | Lair:5   | Noticed a dire elephant
 16281 | Lair:5   | Noticed a dire elephant
 16281 | Lair:5   | Noticed a dire elephant
 16282 | Lair:5   | Noticed a dire elephant
 16288 | Lair:5   | Killed a dire elephant
 17967 | Lair:5   | Reached XP level 14. HP: 59/68 MP: 18/24
 18492 | Lair:5   | Reached skill level 1 in Fire Magic
 19365 | Lair:2   | Received a gift from Sif Muna
 19396 | Lair:2   | Got Sif Muna's Guidebook on Generative Fulmination {god
                  | gift}
 19861 | D:9      | Noticed Grum
 19887 | D:9      | Killed Grum
 19919 | D:9      | Reached skill level 10 in Invocations
 20264 | D:10     | Entered Level 10 of the Dungeon
 20264 | D:10     | Found a staircase to the Orcish Mines.
 20271 | Orc:1    | Entered Level 1 of the Orcish Mines
 20271 | Orc:1    | Found Quighis's Mayhem Merchandise.
 20298 | Orc:1    | You fall into a shaft and drop 1 floor!
 20298 | Orc:2    | Entered Level 2 of the Orcish Mines
 20311 | Orc:1    | Found a dark tunnel.
 20320 | Volcano  | Entered a volcano
 20481 | Volcano  | Reached skill level 14 in Hexes
 20531 | Volcano  | Found a bloodstained altar of Trog.
 20748 | Volcano  | Learned a level 5 spell: Summon Mana Viper
 21523 | Orc:1    | Noticed Urug
 21536 | Orc:1    | Urug changed into Urug the glass eye
 21536 | Orc:1    | Noticed Urug
 21542 | Orc:1    | Killed Urug the glass eye
 21823 | Orc:1    | Upgraded the game from 0.32-a0-711-g016ad743e0 to
                  | 0.32-a0-732-ga344392067
 21970 | Orc:2    | Received a gift from Sif Muna
 22228 | Orc:2    | Found a roughly hewn altar of Beogh.
 22377 | Orc:2    | Found Navvur's Magic Scroll Emporium.
 22389 | Orc:2    | Bought a scroll of fear for 40 gold pieces
 22389 | Orc:2    | Bought a scroll of poison for 40 gold pieces
 22389 | Orc:2    | Bought a scroll of summoning for 95 gold pieces
 22395 | Orc:2    | Found Caoth's General Store.
 22414 | Orc:2    | Bought an orb of guile for 182 gold pieces
 22414 | Orc:2    | Bought a potion of heal wounds for 70 gold pieces
 22624 | Orc:2    | Got Sif Muna's Reference Book on Execration and Misery {god
                  | gift}
 22953 | Orc:2    | Reached skill level 15 in Hexes
 23185 | Orc:2    | Found a staircase to the Elven Halls.
 23427 | Orc:2    | Received a gift from Sif Muna
 23576 | Orc:2    | Got Sif Muna's Atlas of the Fascinating Map {god gift}
 23800 | Orc:2    | Found Maapnen's Magic Scroll Boutique.
 23979 | Orc:2    | Bought a scroll of fog for 56 gold pieces
 24028 | Orc:2    | Reached XP level 15. HP: 46/73 MP: 14/27
 24151 | Orc:2    | Found Zizenun's Antique Armour Shoppe.
 24638 | Orc:2    | Found a roughly hewn altar of Beogh.
 24943 | Orc:2    | Bought a scroll of acquirement for 728 gold pieces
 24943 | Orc:2    | Acquired the +8 quick blade of Intimidation {heavy, rElec
                  | rC++ Int-5 Stlth-}
 24944 | Orc:2    | Acquired the +3 buckler of the Untouchables {rF+ rC+ rCorr
                  | Str+2}
 25330 | D:10     | Noticed Erolcha
 25388 | D:10     | Killed Erolcha
 25660 | D:10     | Found a sacrificial altar of Ru.
 26352 | D:11     | Identified the +2 long sword "Lisherea" {pain, rPois Dex+5}
 26941 | D:12     | Received a gift from Sif Muna
 27000 | D:12     | Learned a level 7 spell: Enfeeble
 28601 | D:12     | Reached skill level 16 in Hexes
 28806 | D:12     | Noticed Frances
 28833 | D:12     | Killed Frances
 28931 | D:13     | Found a runed translucent door.
 28933 | D:13     | Noticed runemasterragnar's ghost (journeyman OpSh)
 29312 | D:13     | Found a gate to the Vaults.
 29328 | D:13     | Reached skill level 10 in Spellcasting
 29998 | D:13     | Killed runemasterragnar's ghost
 30085 | D:14     | Received a gift from Sif Muna
 30086 | D:14     | Got Sif Muna's Parchment of Intense Conduction {god gift}
 30700 | D:14     | Noticed Jorgrun
 30719 | D:14     | Killed Jorgrun
 30720 | D:14     | Reached XP level 16. HP: 25/77 MP: 7/31
 30898 | D:14     | Reached skill level 10 in Dodging
 31083 | D:14     | Reached skill level 1 in Shields
 31351 | D:14     | Reached skill level 10 in Evocations
 31396 | D:15     | Entered Level 15 of the Dungeon
 31430 | D:15     | Noticed Rupert
 31512 | D:15     | Found a radiant altar of Vehumet.
 31531 | D:15     | Learned a level 3 spell: Passwall
 31654 | D:15     | Killed Rupert
 32268 | D:15     | Found a staircase to the Depths.
 32968 | D:4      | Bought the amulet of Duackoeb {Regen+ Int+3} for 433 gold
                  | pieces
 32968 | D:4      | Bought a ring of flight for 175 gold pieces
 33181 | D:8      | Killed senf's ghost
 33448 | D:7      | Killed Pokonic1's ghost
 33765 | Depths:1 | Entered Level 1 of the Depths
 34242 | Shoals:1 | Entered Level 1 of the Shoals
 34456 | Shoals:1 | Upgraded the game from 0.32-a0-732-ga344392067 to
                  | 0.32-a0-747-gc8563f6773
 34787 | Shoals:1 | Received a gift from Sif Muna
 34788 | Shoals:1 | Reached skill level 17 in Hexes
 36514 | Shoals:2 | Found Ythilyif's Armour Emporium.
 37691 | Shoals:3 | Found a glacial archway.
 37700 | Shoals:3 | Noticed Ilsuiw
 37702 | IceCv    | Entered an ice cave
 37714 | IceCv    | Found a transporter.
 37719 | IceCv    | Found a transporter.
 37727 | IceCv    | Reached XP level 17. HP: 34/81 MP: 12/34
 37775 | IceCv    | Learned a level 8 spell: Discord
 37945 | Shoals:3 | Killed Ilsuiw
 38832 | Shoals:3 | Paralysed by a formless jellyfish for 1 turns
 39151 | Shoals:3 | Noticed Louise
 39175 | Shoals:3 | Killed Louise
 39363 | Shoals:3 | Noticed a kraken
 39484 | Shoals:3 | Killed a kraken
 39980 | Shoals:4 | Entered Level 4 of the Shoals
 39980 | Shoals:4 | Noticed Polyphemus
 40020 | Shoals:4 | Noticed Mlioglotl
 40023 | Shoals:4 | Reached skill level 18 in Hexes
 40030 | Shoals:4 | Killed Polyphemus
 40043 | Shoals:4 | Received a gift from Sif Muna
 40044 | Shoals:4 | Got Sif Muna's Quarto of Sandy Location {god gift}
 40201 | Shoals:4 | Killed Mlioglotl
 40202 | Shoals:4 | Reached skill level 5 in Summonings
 41168 | Shoals:4 | Got a barnacled rune of Zot
 41667 | Shoals:4 | Reached skill level 5 in Shields
 42049 | Shoals:4 | Identified the +2 hand axe of the Toadstool {heavy, Stlth+}
 42126 | Shoals:4 | Noticed Mara
 42300 | Shoals:4 | Noticed Chimkentus's illusion
 42399 | Shoals:4 | Killed Mara
 43392 | D:4      | Bought the ring of Xiucw {^Contam Fly Will+++ MP+9 Str+3}
                  | for 578 gold pieces
 43610 | Snake:1  | Entered Level 1 of the Snake Pit
 43796 | Snake:1  | You are sucked into a shaft and drop 1 floor!
 43812 | Snake:1  | Reached skill level 19 in Hexes
 44719 | Snake:1  | Reached XP level 18. HP: 87/87 MP: 36/36
 45007 | Snake:2  | Found a transporter.
 45260 | Snake:2  | Noticed Roxanne
 45427 | Snake:2  | Noticed hattop's ghost (journeyman CoMo)
 45593 | Snake:2  | Found a transporter.
 45765 | Snake:2  | Reached skill level 5 in Ranged Weapons
 45768 | Snake:2  | Noticed Azrael
 45883 | Snake:2  | Killed Azrael
 46624 | Snake:2  | Killed Roxanne
 46785 | Snake:2  | Reached skill level 1 in Shapeshifting
 46799 | Snake:2  | Killed hattop's ghost
 47305 | Snake:3  | Reached skill level 5 in Ice Magic
 47562 | Snake:3  | Noticed Saint Roka
 47618 | Snake:3  | Killed Saint Roka
 47760 | Snake:3  | Received a gift from Sif Muna
 48124 | Snake:4  | Entered Level 4 of the Snake Pit
 48476 | Snake:4  | Found a shimmering blue altar of Sif Muna.
 49306 | Snake:4  | Reached skill level 5 in Shapeshifting
 49764 | Snake:4  | Learned a level 4 spell: Cause Fear
 49849 | Snake:4  | Reached XP level 19. HP: 93/93 MP: 38/38
 50289 | Snake:4  | Got a serpentine rune of Zot
 50976 | D:4      | Bought a flux talisman for 250 gold pieces
 51137 | Orc:2    | Bought a scroll of summoning for 133 gold pieces
 51425 | Vaults:1 | Entered Level 1 of the Vaults
 51550 | Vaults:1 | Received a gift from Sif Muna
 52152 | Vaults:1 | Reached skill level 10 in Shapeshifting
 52326 | Vaults:1 | Received a gift from Sif Muna
 52327 | Vaults:1 | Got Sif Muna's Octavo of Misfortune and Creation {god gift}
 52575 | D:8      | Learned a level 5 spell: Yara's Violent Unravelling
 52805 | Vaults:1 | Found a runed translucent door.
 52805 | Vaults:1 | Noticed hikkokomori's ghost (adept CoBe)
 53316 | Vaults:1 | Paralysed by a formless jellyfish for 1 turns
 53711 | Vaults:1 | Killed hikkokomori's ghost
 53718 | Vaults:1 | Reached skill level 1 in Armour
 53718 | Vaults:1 | Reached XP level 20. HP: 81/100 MP: 30/39
 53812 | Vaults:2 | Upgraded the game from 0.32-a0-747-gc8563f6773 to
                  | 0.32-a0-768-g0f6f1dd4b9
 54666 | Vaults:2 | Reached skill level 15 in Spellcasting
 54990 | Vaults:2 | Reached XP level 21. HP: 105/105 MP: 40/41
 55299 | Vaults:3 | Reached ****** piety under Sif Muna
 55299 | Vaults:3 | Received a gift from Sif Muna
 55300 | Vaults:3 | Got Sif Muna's Monograph on the Sarcophagus {god gift}
 55335 | Vaults:3 | Found Weceam's General Store.
 55432 | Vaults:3 | Reached skill level 1 in Alchemy
 55489 | Vaults:3 | Noticed Norris
 55610 | Vaults:3 | Identified the +7 glaive "Ucutont" {flame, *Rage rF+ rC++
                  | Str+2}
 55618 | Vaults:3 | Reached skill level 5 in Conjurations
 56280 | Vaults:3 | Found a staircase to the Crypt.
 56309 | Vaults:3 | Norris changed into Norris the golden dragon
 56309 | Vaults:3 | Noticed Norris
 56329 | Vaults:3 | Killed Norris the golden dragon
 57033 | Vaults:3 | Received a gift from Sif Muna
 57034 | Vaults:3 | Got Etzyqaf's Discourse on Burning {god gift}
 57040 | Vaults:3 | Learned a level 4 spell: Vhi's Electric Charge
 57249 | Vaults:3 | Bought a scroll of vulnerability for 64 gold pieces
 57249 | Vaults:3 | Bought a throwing net for 48 gold pieces
 58451 | Vaults:4 | Found Simudoot's Antique Weapon Boutique.
 58709 | Vaults:4 | Paralysed by a formless jellyfish for 1 turns
 58935 | Crypt:1  | Entered Level 1 of the Crypt
 59040 | Crypt:1  | Noticed Bai Suzhen
 59048 | Crypt:1  | Killed Bai Suzhen
 59551 | Crypt:1  | Received a gift from Sif Muna
 59552 | Crypt:1  | Got Ujoirrur's Compendium of the Discharge and the Voyage
                  | {god gift}
 60721 | Crypt:2  | Reached XP level 22. HP: 111/111 MP: 8/42
 61040 | Crypt:1  | Reached skill level 5 in Armour
 62441 | Crypt:3  | Entered Level 3 of the Crypt
 62513 | Crypt:3  | Reached skill level 1 in Translocations
 62520 | Crypt:3  | Received a gift from Sif Muna
 62521 | Crypt:3  | Got Sif Muna's Collected Works on the Wind {god gift}
 63178 | Crypt:3  | Found the +1 eveningstar "Brilliance" {foul flame, Umbra}
 63415 | Crypt:3  | Found a staircase to the Tomb.
 64664 | Crypt:3  | Reached skill level 10 in Fighting
 64671 | Crypt:3  | Identified the orb of Daffodils {light, ^Contam Harm rN+
                  | Alchemy}
 64671 | Crypt:3  | Noticed Frederick
 64743 | Crypt:3  | Killed Frederick
 64827 | Crypt:3  | Noticed Jory
 64876 | Crypt:3  | Received a gift from Sif Muna
 65029 | Crypt:3  | Got Sif Muna's Incunabulum of Wildfire and Transportation
                  | {god gift}
 65058 | Crypt:3  | Killed Jory
 65402 | Crypt:3  | Reached skill level 5 in Translocations
 65509 | Crypt:3  | Identified the ring "Duostila" {rC- rN+ MP+9 Str+5 SInv}
 66239 | Elf:1    | Entered Level 1 of the Elven Halls
 67023 | Elf:1    | Learned a level 3 spell: Stone Arrow
 67101 | Elf:1    | Paralysed by an air elemental for 1 turns
 67235 | Elf:1    | Identified the +8 rapier of Sequestration {freeze, rF+ MP+9
                  | Str+3 Stlth+}
 67668 | Elf:1    | Found Bounkarch's Book Shop.
 67669 | Elf:1    | Found Wijall's Jewellery Shoppe.
 67670 | Elf:1    | Found Ukkutir's Book Shop.
 67894 | Elf:1    | Reached skill level 10 in Summonings
 68134 | Elf:2    | Found a shimmering blue altar of Sif Muna.
 68142 | Elf:2    | Reached skill level 1 in Earth Magic
 68185 | Elf:2    | Paralysed by an air elemental for 1 turns
 68309 | Elf:2    | Received a gift from Sif Muna
 68485 | Elf:2    | Found a shimmering blue altar of Sif Muna.
 68494 | Elf:2    | Reached XP level 23. HP: 115/115 MP: 44/44
 68585 | Elf:2    | Reached skill level 10 in Ranged Weapons
 68833 | Elf:2    | Found Meosoyq's Antique Weapon Boutique.
 68833 | Elf:2    | Found Meqipt's Distillery.
 68834 | Elf:2    | Found Deq Ameh's General Store.
 68891 | Elf:2    | Found Favan's Antique Armour Shop.
 68900 | Elf:2    | Bought a potion of heal wounds for 80 gold pieces
 68900 | Elf:2    | Bought a potion of heal wounds for 80 gold pieces
 68919 | Elf:2    | Got Sif Muna's Precepts of Assembling {god gift}
 68949 | Elf:2    | Found a runed translucent gate.
 68949 | Elf:2    | Found a runed translucent gate.
 68954 | Elf:2    | Found a runed translucent gate.
 69174 | Elf:2    | Got the Cyclopedia of the Ossuary
 69261 | Elf:3    | Entered Level 3 of the Elven Halls
 70454 | Elf:3    | Acquired a manual of Polearms
 70847 | Elf:3    | Received a gift from Sif Muna
 71248 | Elf:3    | Identified the ring of Ylaosa {Fire Will+ Dex+4 Slay-6
                  | SInv}
 71248 | Elf:3    | Identified the staff of Fate {rPois rC+ Ice Air}
 71252 | Elf:3    | Identified the ring of the Genius {Wiz rElec rN+}
 71759 | Elf:3    | Identified the ring of Uskayaw's Castigation {rC+ Slay+5}
 71774 | Elf:3    | Identified the +3 quarterstaff of Gluttony {freeze, rCorr
                  | Str+5 Int-3}
 71940 | Elf:3    | Identified the +0 ice dragon scales "Rasuollofu" {rF- rC++
                  | Int+3}
 71940 | Elf:3    | Found the dreamshard necklace {Acrobat *Dream}
 71943 | Elf:3    | Identified the +4 orcbow of Beogh's Castigation {drain,
                  | MP+9 Dex+2}
 72174 | Elf:1    | Learned a level 7 spell: Spellforged Servitor
 72234 | Elf:1    | Bought a manual of Long Blades for 1280 gold pieces
 72540 | D:8      | Learned a level 4 spell: Iskenderun's Mystic Blast
 72981 | Vaults:4 | Upgraded the game from 0.32-a0-768-g0f6f1dd4b9 to
                  | 0.32-a0-981-g384da2ce10
 72987 | Vaults:5 | Entered Level 5 of the Vaults
 73024 | Vaults:5 | Noticed Xtahua
 73058 | Vaults:5 | Killed Xtahua
 73260 | Vaults:5 | Received a gift from Sif Muna
 73261 | Vaults:5 | Got Sif Muna's Atlas of the Chilling Great Work {god gift}
 74903 | Vaults:5 | Identified the ring "Hetitz" {^Drain Fly rElec rPois
                  | Will++}
 74976 | Vaults:5 | Reached XP level 24. HP: 94/121 MP: 5/45
 75164 | Vaults:5 | Noticed an ancient lich
 75180 | Vaults:5 | Killed an ancient lich
 75183 | Vaults:5 | Reached skill level 1 in Air Magic
 75560 | Vaults:5 | Identified the staffair of Zycunwax {rElec rN+ Hexes Air}
 76239 | Vaults:5 | Got a silver rune of Zot
 76699 | Vaults:4 | Bought a brightly glowing long sword for 459 gold pieces
 76699 | Vaults:4 | Identified the +0 long sword of Incongruity {spect, rC+
                  | Str+4} (You bought it in a shop on level 4 of the Vaults)
 77092 | Depths:1 | Noticed Asterion
 77092 | Depths:1 | Hit by a large rock thrown by a stone giant

Illustrated notes

Levels and vault maps discovered:
D:1:      dpeg_arrival_arbitrary_a, layout_loops_corners,
          chequers_serial_rivers_large_b
D:2:      layout_basic, basic_altar, nicolae_concentric_dashed_squares_wild
D:3:      layout_basic, lemuel_crystal_altar, uniq_grinder
D:4:      layout_basic, serial_glass, glass_columns_b, glass_columns_b,
          serial_shops, shop_statue, shop, kennysheep_small_circle
D:5:      layout_gridville, fedhas_altar_fruit_tree, jmf_multi_god_temple2,
          nicolae_eternal_life, st_stairs_14, uniq_menkaure
D:6:      layout_loops_ring
D:7:      layout_basic, lemuel_zombie_altar_yredelemnul,
          nicolae_dithmenos_shadow_blocks, minmay_temple_entry_mini_moons,
          gammafunk_ghost_smash, uniq_jeremiah
D:8:      lemuel_slime, layout_loops_ring,
          mainiacjoe_overflow_concentric_impassable, erik_lair_island,
          gammafunk_ghost_hive
D:9:      layout_rooms, abandoned_shop, minmay_lizard_king, uniq_grum
D:10:     layout_rooms, lemuel_coloured_pillars_altar, orc_0_dummy, uniq_erolcha
D:11:     layout_basic, st_stairs_8
D:12:     minmay_the_grid_4x2 [minmay_the_grid_spin_star, minmay_the_grid_mess,
          minmay_the_grid_minigrid_small, minmay_the_grid_dragon_b,
          minmay_the_grid_large_cup, minmay_the_grid_expand,
          minmay_the_grid_tri_star, minmay_the_grid_prize_inner_circle],
          layout_basic, uniq_frances
D:13:     layout_stronghold, david_vaults_1, ebering_ghost_inner_flame
D:14:     layout_irregular_city, uniq_jorgrun
D:15:     hellmonk_depths_entry_around_the_bend, layout_long_grid,
          vehumet_crystals, uniq_rupert
Temple:   nicolae_temple_ecumenical_triangle
Lair:1:   layout_gridlike, lemuel_fruit_fields, lemuel_fruit_fields,
          grunt_megastairs_4, uniq_erica
Lair:2:   dreamdust_labyrinth, layout_hall_layers, elwin_shoals_entry_rooms,
          dummy_snake_entry, roderic_carrion_pond, lemuel_oklob_altar
Lair:3:   beargit_carnivore_pack, layout_big_grid, serial_forest,
          infiniplex_forest_straight_2, infiniplex_forest_clump_tiny,
          infiniplex_forest_straight_4, infiniplex_forest_zigzag_1,
          infiniplex_forest_straight_4, infiniplex_forest_clump_medium,
          infiniplex_forest_lined_3, grunt_megastairs_5
Lair:4:   layout_roguey, slime_entry_1, infiniplex_staircase_pool
Lair:5:   due_jungle_book, layout_misc_corridors, serial_bayou_lagoon_a,
          pdpol_lair_cavern_descent, serial_bayou_shore_a
Shoals:1: layout_shoals
Shoals:2: layout_shoals, serial_shops, nicolae_shop_hallway_stairs,
          ldierk_geyser
Shoals:3: layout_shoals, portal_ice_cave_entry_pillars_four,
          nicolae_shoals_dead_sea_scrolls, uniq_ilsuiw, uniq_louise
Shoals:4: shoals_end_grunt_ice, layout_shoals, uniq_polyphemus, uniq_mlioglotl,
          uniq_mara
Snake:1:  layout_chambers, st_stairs_1, nicolae_snake_biting_tails,
          grunt_megastairs_3
Snake:2:  layout_chambers, gammafunk_ghost_arena, grunt_ministairs_15,
          serial_bayou_shore_b, uniq_azrael, uniq_roxanne
Snake:3:  layout_gridlike, uniq_saint_roka
Snake:4:  snake_pit_salamanders_mu, layout_cave_town, basic_altar, uniq_vashnia
Orc:1:    layout_caves, nicolae_volcano_entry_hallway,
          regret_index_minedec_devilstone, minmay_shop_mayhem, uniq_urug
Orc:2:    pubby_orc_utopia
Elf:1:    nicolae_elf_arrival_fired_up, layout_gridlike,
          minmay_elf_crystal_hexagon, nicolae_twisting_strands,
          onia_ninara_cookie, minmay_shop_grove
Elf:2:    elven_hall_of_blades_hangedman_original
          [nicolae_blade_entry_floor_patterns], layout_rooms,
          hangedman_feature_mirror, minmay_elf_necromancy, minmay_shoptagon,
          uniq_nikola
Elf:3:    minmay_elf_hall, layout_loops_cross
Vaults:1: hellmonk_ghost_happy_afterlife, hangedman_vaults_stretched_pinwheel,
          nicolae_vaults_border_crossing, vaults_dpeg_hooks,
          nicolae_vaults_turnstiles, nicolae_vaults_surprise_closet,
          nicolae_vaults_more_shelving_1, v_misc_8,
          vaults_room_grunt_arrival_ludios, ontoclasm_vaults_spin,
          layout_vaults_maze_snakey
Vaults:2: nicolae_vaults_storage_closets_1, hangedman_vaults_slither, v_misc_1,
          v_misc_26, nicolae_vaults_little_squares_3,
          nicolae_vaults_closet_pinwheel_4, serial_ice_h, st_lines,
          nicolae_vaults_variable_pillar_hall, layout_vaults_chaotic_city
Vaults:3: nicolae_vaults_security_offices_3, nicolae_vaults_little_squares_3,
          vaults_dpeg_diagonal, hangedman_vaults_unwind,
          vaults_mumra_minichess_inversion, vaults_dpeg_cross,
          nicolae_vaults_sightless_eye, vaults_dpeg_doors,
          minmay_crypt_entry_simple_walls, v_misc_11, v_alt_pattern_1,
          nicolae_vaults_house_3, nicolae_vaults_trapezoid_lopsided_1,
          minmay_orc_keep, nicolae_vaults_yaktaur_gun_rack,
          ontoclasm_vaults_pinch, nicolae_vaults_trapezoid_lopsided_3,
          layout_vaults_big_cross, serial_shops, shop, uniq_norris
Vaults:4: nicolae_vaults_closet_pinwheel_3, grunt_vaults_twisty,
          nicolae_vaults_closet_pinwheel_3, nicolae_vaults_tetromino_L_1,
          hangedman_vaults_nodes, grunt_vaults_focal, nicolae_vaults_house_1,
          hangedman_vaults_maws, layout_vaults_quadrants, serial_shops, shop
Vaults:5: uniq_xtahua
Crypt:1:  layout_misc_corridors, weyrava_ghost_lake, uniq_bai_suzhen
Crypt:2:  layout_misc_corridors
Crypt:3:  due_elkab, layout_chaotic_city, uniq_frederick
Depths:1: layout_gridville, hell_entry, nicolae_shop_fire_sale
          [nicolae_sub_dead_trees], okawaru_gym_becter, uniq_asterion,
          uniq_enchantress

Skill      XL: |  1  2  3  4  5  6  7  8  9 10 11 12 13 14 15 16 17 18 19 20 21 22 23 24 |
---------------+-------------------------------------------------------------------------+-----
Hexes          | 4 5 6 7 8 9 10 11 12 13 15 16 17 19 | 19.7
Short Blades   | 2 3 4 5 7 8 9 10 11 12 13 | 13.9
Dodging        | 3 4 5 6 7 8 9 10 11 12 13 14 | 14.2
Fighting       | 1 2 3 4 5 6 7 9 10 11 | 11.0
Spellcasting   | 3 4 6 7 10 12 13 14 15 16 17 18 | 18.5
Ice Magic      | 1 2 3 4 5 |  5.3
Throwing       | 1 2 3 4 5 6 |  6.0
Evocations     | 2 4 6 7 8 9 10 | 10.9
Stealth        | 6 8 11 13 14 | 14.0
Invocations    | 2 4 6 8 9 10 11 12 13 14 | 14.4
Conjurations   | 1 2 3 4 6 7 8 |  8.0
Ranged Weapons | 2 3 4 5 6 9 12 | 12.5
Summonings     | 2 4 5 6 8 10 11 | 11.0
Fire Magic     | 1 2 3 4 |  4.0
Shields        | 3 5 |  5.0
Shapeshifting  | 7 11 12 | 12.7
Armour         | 1 2 4 5 6 |  6.4
Alchemy        | 2 3 |  3.0
Translocations | 5 6 |  6.5
Earth Magic    | 1 |  1.8
Air Magic      | 1 |  1.3
Long Blades    | |  0.2

Action                     |  1- 3 |  4- 6 |  7- 9 | 10-12 | 13-15 | 16-18 | 19-21 | 22-24 || total
---------------------------+-------+-------+-------+-------+-------+-------+-------+-------++-------
  Melee: Dagger            |     5 |    37 |    14 |       |       |       |       |       ||    56
         Short sword       |   104 |    58 |       |       |     7 |       |       |       ||   169
         Rapier            |       |       |   161 |   413 |   866 |   548 |   331 |   351 ||  2670
         Long sword        |       |       |       |       |    29 |       |       |       ||    29
         Quick blade       |       |       |       |       |    13 |       |       |    12 ||    25
         Eveningstar       |       |       |       |       |       |       |       |    52 ||    52
   Fire: Sling             |       |       |       |    18 |   153 |    42 |       |       ||   213
         Hand cannon       |       |       |       |       |       |       |    49 |   173 ||   222
  Throw: Stone             |     6 |     5 |       |       |       |       |       |       ||    11
         Dart              |     1 |     3 |    25 |    58 |   115 |     1 |       |     1 ||   204
         Boomerang         |       |       |       |     3 |       |       |       |       ||     3
         Throwing net      |       |       |       |     1 |       |     2 |       |       ||     3
   Cast: Ensorcelled Hiber |     3 |    11 |    26 |   110 |   176 |   190 |   106 |    58 ||   680
         Tukima's Dance    |       |     8 |    27 |     2 |   120 |   110 |    15 |    45 ||   327
         Confusing Touch   |       |     1 |    11 |     8 |    18 |     5 |     4 |    10 ||    57
         Ozocubu's Armour  |       |       |     2 |    19 |    43 |     4 |    10 |    13 ||    91
         Dazzling Flash    |       |       |    21 |    32 |    85 |    26 |     1 |       ||   165
         Jinxbite          |       |       |       |       |    55 |    10 |       |       ||    65
         Inner Flame       |       |       |       |       |    50 |    37 |    17 |    28 ||   132
         Call Canine Famil |       |       |       |       |    22 |       |       |       ||    22
         Summon Mana Viper |       |       |       |       |    35 |    60 |    32 |    74 ||   201
         Enfeeble          |       |       |       |       |    18 |   115 |    49 |   171 ||   353
         Dragon's Call     |       |       |       |       |       |     1 |       |       ||     1
         Discord           |       |       |       |       |       |    37 |    53 |    87 ||   177
         Passwall          |       |       |       |       |       |     7 |       |     2 ||     9
         Yara's Violent Un |       |       |       |       |       |       |     9 |    43 ||    52
         Stone Arrow       |       |       |       |       |       |       |       |    55 ||    55
         Cause Fear        |       |       |       |       |       |       |       |     2 ||     2
         Spellforged Servi |       |       |       |       |       |       |       |    15 ||    15
         Vhi's Electric Ch |       |       |       |       |       |       |       |    20 ||    20
 Invoke: Channel Magic     |       |       |       |       |     3 |     9 |     1 |     7 ||    20
         Divine Exegesis   |       |       |       |       |       |     1 |       |       ||     1
Ability: Begin Untransform |       |       |       |       |       |       |     5 |     1 ||     6
  Evoke: Wand              |       |       |    19 |    15 |    28 |    22 |    22 |    43 ||   149
         Tin of tremorston |       |       |       |       |       |     1 |       |       ||     1
         Sack of spiders   |       |       |       |       |       |     2 |       |     2 ||     4
         Phial of floods   |       |       |       |       |       |     2 |       |     1 ||     3
         Lightning rod     |       |       |       |       |       |     2 |     2 |    12 ||    16
         Phantom mirror    |       |       |       |       |       |       |       |     1 ||     1
    Use: Scroll            |       |       |       |    15 |    13 |    13 |     5 |    10 ||    56
         Potion            |       |       |       |     4 |     6 |     8 |     1 |     7 ||    26
   Stab: Sleeping          |    17 |    15 |    26 |    85 |   144 |   132 |   128 |    51 ||   598
         Confused          |       |     2 |     5 |     4 |    14 |       |     1 |    12 ||    38
         Distracted        |       |     1 |     2 |       |     7 |     6 |     3 |     4 ||    23
         Invisible         |       |       |     8 |    25 |    59 |    41 |    32 |    63 ||   228
         Held in net/web   |       |       |       |     1 |       |     1 |       |       ||     2
         Paralysed         |       |       |       |       |     2 |       |     3 |     1 ||     6
 Armour: Robe              |    21 |    15 |    56 |   129 |   306 |   193 |    66 |     1 ||   787
         Acid dragon scale |       |       |       |       |       |       |    25 |   206 ||   231
  Dodge: Dodged            |    74 |    42 |   191 |   275 |   760 |   318 |   133 |   367 ||  2160
         Repelled          |       |       |     2 |       |    18 |    26 |     7 |    44 ||    97
  Block: Buckler           |       |       |       |       |    13 |   123 |       |       ||   136
         Reflection        |       |       |       |       |     1 |     8 |       |       ||     9
   Form: Statue            |       |       |       |       |       |       |     1 |       ||     1
         Serpent           |       |       |       |       |       |       |     1 |       ||     1
         Maw               |       |       |       |       |       |       |     1 |       ||     1
         Flux              |       |       |       |       |       |       |     1 |       ||     1
         Dragon            |       |       |       |       |       |       |     1 |       ||     1
         Death             |       |       |       |       |       |       |       |     1 ||     1

Table legend: (Time is in decaauts)
 A = Elapsed time spent in this place.
 B = Non-inter-level travel time spent in this place.
 C = Inter-level travel time spent in this place.
 D = Time resting spent in this place.
 E = Time spent auto-exploring this place.
 F = Levels seen in this place.
 G = Mean time per level.
                   A        B        C        D        E       F      G
               +--------+--------+--------+--------+--------+-----+--------+
         Total |  58598 |  52497 |   6101 |   5482 |  28792 |  45 | 1302.2 |
       Dungeon |  15012 |  12253 |   2759 |    696 |   8097 |  15 | 1000.8 |
        Temple |     17 |      3 |     14 |      0 |      0 |   1 |   17.0 |
          Lair |   9077 |   8385 |    692 |   1308 |   4096 |   5 | 1815.4 |
        Shoals |   7202 |   6883 |    319 |    389 |   4804 |   4 | 1800.5 |
     Snake Pit |   4998 |   4783 |    215 |    285 |   2906 |   4 | 1249.5 |
  Orcish Mines |   3438 |   3052 |    386 |    781 |    875 |   2 | 1719.0 |
   Elven Halls |   4756 |   4495 |    261 |    500 |   2850 |   3 | 1585.3 |
        Vaults |   8002 |   6829 |   1173 |    312 |   3060 |   5 | 1600.4 |
         Crypt |   5543 |   5266 |    277 |    961 |   2040 |   3 | 1847.7 |
        Depths |     20 |     20 |      0 |      0 |      0 |   1 |   20.0 |
      Ice Cave |    189 |    189 |      0 |    105 |      0 |   1 |  189.0 |
       Volcano |    339 |    339 |      0 |    143 |     61 |   1 |  339.0 |
               +--------+--------+--------+--------+--------+-----+--------+

Top non-repeatable levels by time:
  Lair:5: 3351 daAuts
Vaults:5: 2934 daAuts
 Crypt:3: 2614 daAuts
Shoals:4: 2456 daAuts
   Orc:2: 2408 daAuts
   Elf:3: 2024 daAuts
     D:8: 1971 daAuts
Shoals:3: 1945 daAuts
  Lair:1: 1836 daAuts
    D:12: 1808 daAuts
 Snake:4: 1634 daAuts
  Lair:4: 1599 daAuts
Vaults:1: 1592 daAuts
 Crypt:1: 1547 daAuts
  Lair:2: 1526 daAuts
